 Dungeon Crawl Stone Soup version 0.31-a0-960-g0fca184906 (webtiles) character file.

Game seed: 17321161024029174548

32 mightbedylan the Changeling (level 3, -1/19 HPs)
             Began as a Merfolk Shapeshifter on Oct 23, 2023.
             Slain by a cerulean imp
             ... wielding a +1 spear
             ... summoned by Natasha
              (4 damage)
             ... on level 2 of the Dungeon.
             The game lasted 00:06:22 (1007 turns).

mightbedylan the Changeling (Merfolk Shapeshifter)  Turns: 1007, Time: 00:06:22

Health: -1/19      AC:  2    Str: 16    XL:     3   Next: 25%
Magic:  3/3        EV: 13    Int:  9    God:
Gold:   77         SH:  0    Dex: 13    Spells: 2/2 levels left

rFire   . .          .
                       - Unarmed
rCold   . . .        (shield currently unavailable)
rNeg    . . .        a - +0 animal skin
rPois   .            (no helmet)
rElec   .            (no cloak)
rCorr   .            (no gloves)
SInv    .            (no boots)
Will    .....        (no amulet)
Stlth   +            (no ring)
HPRegen 0.23/turn    (no ring)
MPRegen 0.08/turn

%: no passive effects
@: flux-form, glowing
A: glow, contaminating, reduced hp, (nimble swimmer 2), mertail
a: Begin Untransformation


You were on level 2 of the Dungeon.
You were something dangerously unstable.
You visited 1 branch of the dungeon, and saw 2 of its levels.

You collected 77 gold pieces.

Inventory:

Hand Weapons
 j - a +0 dagger of venom
Armour
 a - a +0 animal skin (worn)
Magical Staves
 i - a staff of poison
Talismans
 c - a beast talisman
 d - a flux talisman (active)
Scrolls
 e - a scroll of immolation {unknown}
 f - a scroll of teleportation {unknown}
 g - a scroll of silence {unknown}
 h - a scroll of summoning {unknown}
Potions
 b - a potion of lignification


   Skills:
 + Level 1.9 Fighting
 + Level 3.3 Dodging
 + Level 3.6 Unarmed Combat
 + Level 4.4 Shapeshifting


You had 2 spell levels left.
You didn't know any spells.
Your spell library contained the following spells:

 Spells                   Type           Power      Damage    Failure   Level
 Blink                    Tloc           0%         N/A       52%         2
 Lesser Beckoning         Tloc           0%         N/A       52%         2
 Momentum Strike          Conj/Tloc      0%         3d8       52%         2


Dungeon Overview and Level Annotations

Branches:
Dungeon (2/15)

Altars:

Annotations:
D:2 Natasha


Innate Abilities, Weirdness & Mutations

You are something dangerously unstable.
You glow with magical radiation, making you easy to see and hit.
Foes you strike become dangerously contaminated with magical radiation.
Your maximum health is decreased, since you lack skill for your form.
You are incapable of wielding weapons or throwing items.
((You are very nimble when in or above water. (Stealth+, EV+, Speed+++)))
Your lower body shifts to a powerful aquatic tail in water.


Message History

No target in view!
You now have 77 gold pieces (gained 16).
Natasha, Servant of Life and Death comes into view.
Natasha hisses angrily.
Natasha is nearby!
Okay, then.
Natasha is nearby!
Natasha howls an incantation.
You feel disoriented.
Natasha casts a spell.
You begin transforming.
You continue transforming. x2
Natasha mumbles some strange words.
You continue transforming.
The cerulean imp hits you from afar with a +0 spear.
Your transformation has ended.
You turn into something dangerously unstable.
HP restored.
The cerulean imp hits you from afar with a +0 spear.
You don't know any spells.
Okay, then.
A bat comes into view.
The cerulean imp completely misses you. Natasha closely misses you.
You closely miss the cerulean imp. The cerulean imp misses you.
The cerulean imp closely misses you. Natasha casts a spell at you.
The magic dart hits you!
You hit the cerulean imp.
The cerulean imp begins to glow.
The cerulean imp is moderately wounded.
The cerulean imp hits you from afar with a +1 spear.
The cerulean imp hits you but does no damage.
Natasha casts a spell.
You closely miss the cerulean imp.
The cerulean imp is moderately wounded.
The cerulean imp hits you but does no damage.
The cerulean imp closely misses you. Natasha claws you.
* * * LOW HITPOINT WARNING * * *
You closely miss the cerulean imp.
The cerulean imp is moderately wounded.
The cerulean imp hits you from afar with a +1 spear.
You die...

#. .. #. .#
#. .# #. .#
#.# .# #.# .#
. #.##h##....
#.#..p55b....
#.#..#.#5....
#.#..#.# ...
#.#†.#.# .
#.#..#.#
#.#..#.#
##.#..#.#
#.......#
#..######..


You could see Natasha, 3 cerulean imps and a bat.

Vanquished Creatures
  A dart slug (D:1)
  A ball python (D:1)
  5 endoplasms (D:1)
  A giant cockroach (D:1)
  2 goblins (D:1)
  A hobgoblin (D:1)
  5 jackals (D:1)
  A kobold (D:1)
  A quokka (D:1)
  3 bats (D:1)
  A frilled lizard (D:1)
  2 rats
24 creatures vanquished.

Notes
Turn   | Place    | Note
-------+----------+-------------------------------------------
     0 | D:1      | mightbedylan the Merfolk Shapeshifter began the quest for
                  | the Orb.
     0 | D:1      | Reached XP level 1. HP: 15/15 MP: 1/1
   132 | D:1      | Reached XP level 2. HP: 21/21 MP: 2/2
   569 | D:1      | Reached XP level 3. HP: 21/27 MP: 3/3
   997 | D:2      | Noticed Natasha
  1007 | D:2      | Slain by a cerulean imp

Illustrated notes

Levels and vault maps discovered:
D:1:      dpeg_arrival_stone_temple_mockup, layout_loops_cross,
          serial_bayou_lagoon_b
D:2:      layout_basic, chequers_ecumenical_altar_island, serial_shops,
          nicolae_shop_getting_attention, uniq_natasha, uniq_terence

Skill      XL: |  1  2 |
---------------+-------+-----
Dodging        | 3 |  3.3
Fighting       | |  1.9
Unarmed Combat | |  3.6
Shapeshifting  | |  4.4

Action                     || total
---------------------------++-------
  Melee: Unarmed           ||    87
         Tailslap          ||     1
         Punch             ||     1
 Armour: Animal skin       ||    51
  Dodge: Dodged            ||    80
   Form: Beast             ||     2
                           ||     1
         Flux              ||     1

Table legend: (Time is in decaauts)
 A = Elapsed time spent in this place.
 B = Non-inter-level travel time spent in this place.
 C = Inter-level travel time spent in this place.
 D = Time resting spent in this place.
 E = Time spent auto-exploring this place.
 F = Levels seen in this place.
 G = Mean time per level.
                   A        B        C        D        E       F      G
               +--------+--------+--------+--------+--------+-----+--------+
         Total |    972 |    952 |     20 |     93 |    616 |   2 |  486.0 |
       Dungeon |    972 |    952 |     20 |     93 |    616 |   2 |  486.0 |
               +--------+--------+--------+--------+--------+-----+--------+

Top non-repeatable levels by time:
     D:1: 930 daAuts
     D:2: 41 daAuts
